 Dungeon Crawl Stone Soup version 0.19-a0-1738-gbb2db12 (webtiles) character file.

116 Naow the Chopper (level 4, -10/58 HPs)
             Began as a Minotaur Berserker on Oct 1, 2016.
             Was a Believer of Trog.
             Mangled by a gnoll
             ... wielding a +0 halberd
              (14 damage)
             ... on level 2 of the Dungeon.
             The game lasted 00:02:06 (1271 turns).

Naow the Chopper (Minotaur Berserker)               Turns: 1271, Time: 00:02:06

Health: -10/58     AC:  2    Str: 27    XL:     4   Next: 69%
Magic:  3/3        EV: 12    Int:  5    God:    Trog [**....]
Gold:   71         SH:  0    Dex:  9    Spells: 0 memorised, 3 levels left

rFire  . . .     SeeInvis .     a - +0 hand axe
rCold  . . .     Gourm    .     b - +0 animal skin
rNeg   . . .     Faith    .     (no shield)
rPois  .         Spirit   .     (helmet restricted)
rElec  .         Dismiss  .     (no cloak)
rCorr  .         Reflect  .     (no gloves)
MR     .....     Harm     .     (no boots)
Stlth  ..........               (no amulet)
                                (no ring)
                                (no ring)

@: berserking, very quick
A: retaliatory headbutt, horns 2
a: Berserk, Trog's Hand, Burn Spellbooks, Renounce Religion


You were on level 2 of the Dungeon.
You worshipped Trog.
Trog was pleased with you.
You were not hungry.

You visited 1 branch of the dungeon, and saw 2 of its levels.

You collected 71 gold pieces.

Inventory:

Hand Weapons
 a - a +0 hand axe (weapon)
Armour
 b - a +0 animal skin (worn)
Scrolls
 e - 2 scrolls of remove curse {unknown}
 f - a scroll of random uselessness {unknown}
 i - 2 scrolls of magic mapping {unknown}
 k - 3 scrolls of teleportation {unknown}
 l - a scroll of enchant weapon {unknown}
 m - a scroll of fear {unknown}
 p - 3 scrolls of identify {unknown}
 q - a scroll of noise {unknown}
Potions
 g - 2 potions of degeneration {unknown}
 j - 2 potions of curing {unknown}
 n - a potion of might {unknown}
Comestibles
 c - 4 bread rations
 d - 5 chunks of flesh
 h - a slice of pizza
 o - a royal jelly


   Skills:
 - Level 3.6 Fighting
 + Level 6.6 Axes
 - Level 2.5 Armour
 - Level 2.1 Dodging


You had 3 spell levels left.
You didn't know any spells.

Dungeon Overview and Level Annotations

Branches:
Dungeon (2/15)

Altars:
Xom


Innate Abilities, Weirdness & Mutations

You reflexively headbutt those who attack you in melee.
You have a pair of horns on your head.


Message History

The gnoll barely misses you.
You feel a strong urge to attack something.
The gnoll hits you from afar with a halberd.
* * * LOW HITPOINT WARNING * * *
The adder bites you.
* * * LOW HITPOINT WARNING * * *
Things that are here:
a flail; a gnoll corpse You slash the gnoll!
You kill the gnoll!
Trog accepts your kill.
You barely miss the adder. The gnoll barely misses you.
The adder closely misses you. You furiously retaliate!
You headbutt the adder!!
You feel the power of Trog in you as your rage grows.
You kill the adder!
Trog accepts your kill.
You slash the gnoll!
The gnoll is almost dead.
The gnoll hits you with a halberd!
You die...

.##.##..##.#######.#
..#.##..##.# #.#
#.......##.# #.#
..#.###.##.# #.#
.##.###.##.#
#####.#####
.##........#
#.........#
.######.##.#
#.###.###.# .##
#.##.###.###.##
..#####........g@)..#
...........###..†)..#
.).........# #...##.#
.######.#..# #...# .#
.# #.#..# #...# .# .#
#.#..# #.... .. .#
#.#... ....# .# .#
#.##.####.## .# ...
.#


You could see a gnoll.

Vanquished Creatures
  2 gnolls (D:2)
  4 adders (D:2)
  A dart slug (D:2)
  A leopard gecko (D:1)
  7 bats
  4 giant cockroaches
  8 hobgoblins
  3 jackals (D:2)
  A ball python (D:1)
  7 frilled lizards
  9 goblins
  4 kobolds
  7 rats
58 creatures vanquished.

Notes
Turn   | Place    | Note
-------+----------+-------------------------------------------
     0 | D:1      | Naow the Minotaur Berserker began the quest for the Orb.
     0 | D:1      | Reached XP level 1. HP: 19/19 MP: 0/0
    96 | D:1      | Reached skill level 4 in Axes
    98 | D:1      | Reached XP level 2. HP: 17/26 MP: 1/1
   356 | D:1      | Reached ** piety under Trog
   581 | D:1      | Found a shimmering altar of Xom.
   610 | D:1      | Reached skill level 5 in Axes
   667 | D:1      | Reached XP level 3. HP: 31/31 MP: 2/2
  1063 | D:2      | Reached XP level 4. HP: 32/39 MP: 3/3
  1068 | D:2      | Reached skill level 6 in Axes
  1271 | D:2      | Mangled by a gnoll

Vault maps used:
D:1:      denvon_arrival_waterhouse, xom_teletrap_fun

Skill      XL: |  1  2  3  4 |
---------------+-------------+-----
Axes           | 4 5 6 |  6.6
Fighting       | |  3.6
Armour         | |  2.5
Dodging        | |  2.1

Action                   |  1- 3 |  4- 6 || total
-------------------------+-------+-------++-------
Melee: Hand axe          |   105 |    17 ||   122
       Headbutt          |     8 |       ||     8
Invok: Trog's Hand       |     1 |       ||     1
       Berserk           |       |     1 ||     1
  Eat: Chunk             |     1 |     1 ||     2
Armor: Animal skin       |    20 |     4 ||    24
Dodge: Dodged            |    83 |    14 ||    97
